 Dungeon Crawl Stone Soup version 0.25-a0-310-g60f0ac2d9a (webtiles) character file.

Game seed: 13046693002609953043, levelgen mode: classic

5037 Borgoz the Protected (level 10, -1/88 HPs)
             Began as a Gargoyle Berserker on Dec 24, 2019.
             Was a High Priest of Trog.
             Slain by a warg (3 damage)
             ... on level 9 of the Dungeon.
             The game lasted 00:12:11 (7284 turns).

Borgoz the Protected (Gargoyle Berserker)           Turns: 7284, Time: 00:12:11

Health: -1/88      AC: 25    Str: 25    XL:     10   Next: 55%
Magic:  0/10       EV: 10    Int:  9    God:    Trog [*****.]
Gold:   360        SH:  0    Dex: 12    Spells: 9/9 levels left

rFire    . . .     SeeInvis .   J - +5 great sword (flame)
rCold    + . .     Gourm    .   (shield currently unavailable)
rNeg     + . .     Faith    .   k - +0 plate armour
rPois    ∞         Spirit   +   o - +0 helmet
rElec    +         Reflect  .   I - scarf {Spirit}
rCorr    .         Harm     .   H - +1 pair of gloves
MR       .....                  (no boots)
Stlth    ..........             (no amulet)
HPRegen  0.24/turn              e - ring of attention (curse)
MPRegen  0.12/turn              p - ring of protection from cold

@: berserking (expiring), very quick
A: negative energy resistance 1, electricity resistance, unbreathing,
petrification resistance, rot immunity, AC +7
a: Berserk, Trog's Hand, Brothers in Arms, Renounce Religion


You were on level 9 of the Dungeon.
You worshipped Trog.
Trog was extremely pleased with you.
You were very hungry.

You visited 1 branch of the dungeon, and saw 9 of its levels.
You also visited: Sewer.

You collected 468 gold pieces.
You spent 108 gold pieces at shops.

Inventory:

Hand Weapons
 a - a +0 hand axe
 b - a +0 flail of crushing
 C - a +1 mace of protection
 J - a +5 great sword of flaming (weapon)
Armour
 k - a +0 plate armour (worn)
 o - a +0 helmet (worn)
 H - a +1 pair of gloves (worn)
 I - a scarf of spirit shield (worn)
Jewellery
 e - a cursed ring of attention (left hand)
 p - a ring of protection from cold (right hand)
 x - an uncursed ring of ice
Wands
 f - a wand of polymorph (8)
 y - a wand of disintegration (12)
 z - a wand of flame (11)
 L - a wand of iceblast (10)
 N - a wand of digging (4)
 O - a wand of random effects (23)
Scrolls
 d - 4 scrolls of noise {unknown}
 g - 3 scrolls of remove curse {unknown}
 h - 5 scrolls of magic mapping
 j - a scroll of blinking {unknown}
 n - 4 scrolls of identify {unknown}
 q - 2 scrolls of enchant weapon {unknown}
 r - a scroll of fog {unknown}
 s - 2 scrolls of fear {unknown}
 A - 3 scrolls of amnesia {unknown}
 E - 2 scrolls of enchant armour {unknown}
 F - a scroll of teleportation {unknown}
Potions
 i - a potion of agility {unknown}
 l - a potion of haste
 m - a potion of mutation {unknown}
 t - a potion of ambrosia {unknown}
 u - 2 potions of resistance {unknown}
 v - 4 potions of heal wounds {unknown}
 w - a potion of flight {unknown}
 B - 4 potions of brilliance {unknown}
 D - 2 potions of cancellation {unknown}
 G - 4 potions of curing {unknown}
 M - a potion of magic {unknown}
Comestibles
 c - 20 rations


   Skills:
 + Level 5.5 Fighting
 * Level 4.1 Long Blades
 - Level 7.7 Axes
 + Level 9.2 Armour
 + Level 6.9 Dodging


You had 9 spell levels left.
You didn't know any spells.
Your spell library was empty.

Dungeon Overview and Level Annotations

Branches:
Dungeon (9/15)             Temple (0/1) D:4           Sewer (visited)
   Lair: D:8-11         Orc: D:9-12

Altars:
Dithmenos
Gozag
Hepliaklqana
Kikubaaqudgha
Nemelex Xobeh
Okawaru
Ru
Sif Muna
Uskayaw
Vehumet
Wu Jian
Yredelemnul
The Shining One

Shops:
D:5 *   D:7 [


Innate Abilities, Weirdness & Mutations

You are resistant to torment.
Your stone body is resilient. (AC +7)
You are immune to poison.
You resist negative energy. (rN+)
You are resistant to electric shocks. (rElec)
You can survive without breathing.
You are immune to petrification.
You are immune to rotting.


Message History

Trog accepts your kill. The hound bites you but does no damage.
You closely miss the hound. The hound bites you but does no damage.
You closely miss the hound. The hound closely misses you.
You riposte.
You closely miss the hound. You barely miss the hound.
The hound barely misses you.
You slash the warg! You burn the warg.
The warg is almost dead.
The warg closely misses you.
Your plate armour prevents you from hitting the warg.
The warg is almost dead.
The warg closely misses you.
You closely miss the warg.
The warg is almost dead.
The warg bites you.
* * * LOW HITPOINT WARNING * * *
You barely miss the warg.
The warg is almost dead.
The warg bites you.
You die...

#.[.. #...
#..# #..#
#..# # #<.#
.# #..# ..#
#..#####..#
#....@hh.#
#.#####.##
#.# .# #.#
h# #.# .#
#. .# #. ..
..


You could see a warg and a hound.

Vanquished Creatures
  A centaur zombie (D:8)
  Sigmund (D:2)
  A spriggan (D:7)
  Grum (D:8)
  3 wargs (D:9)
  Duvessa (D:4)
  2 water moccasins
  An orc warrior (D:8)
  2 ice beasts
  3 sky beasts
  4 ogres
  4 wolves (D:8)
  4 centaurs
  Blork the orc (D:6)
  2 bullfrogs
  Dowan (D:4)
  2 scorpions
  9 killer bees
  3 electric eels (D:4)
  2 crimson imps
  6 hounds
  A jelly (D:7)
  3 bullfrog skeletons
  10 orc wizards
  An orc priest (D:6)
  5 iguanas
  4 worker ants (D:5)
  A killer bee zombie (D:5)
  A hound skeleton (D:4)
  5 adders
  5 river rats (Sewer)
  A howler monkey skeleton (D:5)
  2 shadow imps
  2 oozes
  4 worms
  A dart slug (D:1)
  3 leopard geckos
  29 orcs
  5 giant cockroaches
  6 hobgoblins
  15 jackals
  2 kobolds
  3 quokkas
  8 ball pythons
  6 bats
  9 frilled lizards
  11 goblins
  18 rats
215 creatures vanquished.

Notes
Turn   | Place    | Note
-------+----------+-------------------------------------------
     0 | D:1      | Borgoz the Gargoyle Berserker began the quest for the Orb.
     0 | D:1      | Reached XP level 1. HP: 14/14 MP: 1/1
    76 | D:1      | Reached XP level 2. HP: 19/19 MP: 2/2
   389 | D:1      | Reached XP level 3. HP: 22/23 MP: 3/3
   418 | D:1      | Reached ** piety under Trog
   828 | D:2      | Reached skill level 3 in Armour
   962 | D:2      | Noticed Sigmund
   978 | D:2      | Killed Sigmund
   978 | D:2      | Reached skill level 4 in Armour
   978 | D:2      | Reached XP level 4. HP: 28/28 MP: 4/4
   978 | D:2      | Reached XP level 5. HP: 32/32 MP: 5/5
  1202 | D:2      | Found a faded altar of an unknown god.
  1354 | D:3      | Reached XP level 6. HP: 37/37 MP: 6/6
  1444 | D:3      | Found an ornate altar of the Wu Jian Council.
  1663 | D:3      | Found a glowing golden altar of the Shining One.
  1687 | D:3      | Found a shimmering blue altar of Sif Muna.
  1744 | D:3      | Found a glowing drain.
  1796 | Sewer    | Entered a sewer
  2565 | D:3      | Found an opulent altar of Gozag.
  2607 | D:3      | Reached *** piety under Trog
  2851 | D:4      | Found a transporter.
  3087 | D:4      | Reached XP level 7. HP: 38/41 MP: 7/7
  3105 | D:4      | Reached skill level 5 in Armour
  3116 | D:4      | Found a transporter.
  3241 | D:4      | Noticed Duvessa
  3241 | D:4      | Noticed Dowan
  3275 | D:4      | Killed Duvessa
  3275 | D:4      | Reached skill level 5 in Axes
  3284 | D:4      | Killed Dowan
  3359 | D:4      | Found a hide-covered altar of Uskayaw.
  3569 | D:4      | Found a staircase to the Ecumenical Temple.
  3757 | D:4      | Reached XP level 8. HP: 33/46 MP: 8/8
  3759 | D:4      | Reached skill level 6 in Armour
  3886 | D:5      | Entered Level 5 of the Dungeon
  3927 | D:5      | Found a radiant altar of Vehumet.
  3971 | D:5      | Found Lalaol's Elemental Accessories.
  4250 | D:5      | Found an iron altar of Okawaru.
  4354 | D:5      | Reached skill level 5 in Dodging
  4489 | D:5      | Reached **** piety under Trog
  4627 | D:5      | Reached skill level 7 in Armour
  4973 | D:5      | Found a hazy altar of Hepliaklqana.
  5169 | D:5      | Found a basalt altar of Yredelemnul.
  5371 | D:6      | Reached XP level 9. HP: 51/51 MP: 9/9
  5514 | D:6      | Noticed Blork the orc
  5540 | D:6      | Killed Blork the orc
  5542 | D:6      | Reached skill level 8 in Armour
  6058 | D:7      | Found Yntob's Armour Boutique.
  6103 | D:7      | Bought a scarf of spirit shield for 108 gold pieces
  6136 | D:7      | Found an ancient bone altar of Kikubaaqudgha.
  6183 | D:7      | Found a sacrificial altar of Ru.
  6194 | D:7      | Reached ***** piety under Trog
  6194 | D:7      | Received a gift from Trog
  6356 | D:7      | Reached skill level 1 in Long Blades
  6504 | D:7      | Reached XP level 10. HP: 58/58 MP: 10/10
  6541 | D:8      | Found a sparkling altar of Nemelex Xobeh.
  6842 | D:8      | Noticed Grum
  6857 | D:8      | Killed Grum
  6863 | D:8      | Reached skill level 5 in Fighting
  6863 | D:8      | Reached skill level 9 in Armour
  6879 | D:8      | Found a shadowy altar of Dithmenos.
  7012 | D:8      | Found a sacrificial altar of Ru.
  7275 | D:9      | HP: 2/88 [warg (8)]
  7283 | D:9      | HP: 1/88 [warg (2)]
  7284 | D:9      | Slain by a warg

Levels and vault maps discovered:
D:1:      giann_forest_graveyard, layout_basic, minmay_misc_feat_ornament,
          minmay_hexomino_u4
D:2:      layout_rooms, chequers_ecumenical_altar_grove, uniq_sigmund
D:3:      layout_loops_cross, lemuel_round_altar,
          nicolae_overflow_crystal_walls, lemuel_doored_altar,
          lemuel_coloured_pillars_altar, cheibrodos_sewer_entry_bend
D:4:      gammafunk_steamed_eel, layout_loops_cross, kennysheep_mini_moat,
          minmay_temple_entry_poolview, minmay_vboxes, uniq_duvessa
D:5:      layout_loops_ring, nicolae_overflow_hidden_temple,
          kennysheep_little_box, lemuel_round_altar, vehumet_crystals,
          first_ration, hangedman_abyss_or_decor_passed, nicolae_elemental_shop,
          kennysheep_big_empty_room, hangedman_decor_growths
D:6:      layout_basic, uniq_blork_the_orc
D:7:      layout_rooms, old_standard_altar, serial_shops, shop, the_bakery,
          lemuel_tele_altar
D:8:      layout_loops_ring, nemelex_xobeh_ov_fountains_minmay, kennysheep_mini,
          nicolae_dithmenos_through_a_glass_darkly, hangedman_decor_slide_cut,
          uniq_grum
D:9:      layout_loops_ring, minmay_orc_entry_guard_dogs, minivault_14,
          uniq_erica

Skill      XL: |  1  2  3  4  5  6  7  8  9 10 |
---------------+-------------------------------+-----
Axes           | 3 4 5 6 7 |  7.7
Dodging        | 2 3 4 5 6 |  6.9
Armour         | 4 5 7 8 9 |  9.2
Fighting       | 4 5 |  5.5
Long Blades    | 1 4 |  4.1

Action                   |  1- 3 |  4- 6 |  7- 9 | 10-12 || total
-------------------------+-------+-------+-------+-------++-------
Melee: Hand axe          |   112 |   245 |   714 |       ||  1071
       Great sword       |       |       |    38 |   103 ||   141
Invok: Berserk           |     1 |     1 |     8 |     1 ||    11
       Trog's Hand       |       |       |     3 |     1 ||     4
Evoke: Wand              |       |       |     6 |       ||     6
  Use: Scroll            |       |     1 |       |       ||     1
  Eat: Chunk             |       |     9 |    18 |     3 ||    30
       Ration            |       |       |     1 |       ||     1
Armor: Animal skin       |     7 |       |       |       ||     7
       Ring mail         |    49 |       |       |       ||    49
       Plate armour      |     7 |   164 |   624 |   119 ||   914
Dodge: Dodged            |    61 |    99 |   345 |    91 ||   596
       Rpst.: Great sword |       |       |     3 |    26 ||    29

Table legend:
 A = Non-vault XP
 B = Vault XP
 C = Vault XP percentage of total XP
 D = Non-vault monster count
 E = Vault monster count
 F = Vault count percentage of total count
                 A         B        C        D         E       F
            +---------+---------+-------+---------+---------+-------
      Total |    4803 |    2393 |  33.3 |     164 |      51 |  23.7
            +---------+---------+-------+---------+---------+-------
        D:1 |      41 |       9 |  18.0 |      27 |       4 |  12.9
        D:2 |      35 |     227 |  86.6 |      11 |       1 |   8.3
        D:3 |      45 |       5 |  10.0 |      15 |       1 |   6.2
        D:4 |     248 |     580 |  70.0 |      10 |      10 |  50.0
        D:5 |     999 |       0 |   0.0 |      36 |       0 |   0.0
        D:6 |    1248 |      96 |   7.1 |      23 |       1 |   4.2
        D:7 |     818 |     211 |  20.5 |      22 |       1 |   4.3
        D:8 |    1227 |     663 |  35.1 |      19 |       5 |  20.8
        D:9 |     142 |     500 |  77.9 |       1 |       3 |  75.0
      Sewer |       0 |     102 | 100.0 |       0 |      25 | 100.0
            +---------+---------+-------+---------+---------+-------
